 Dungeon Crawl Stone Soup version 0.23.2-1-ga50397a (webtiles) character file.

Game seed: 7135486512854783095

9268 Kairos the Cleaver (level 11, -3/83 HPs)
             Began as a Formicid Fighter on Apr 21, 2019.
             Was an Elder of Uskayaw.
             Slain by an eight-headed hydra (4 damage)
             ... on level 2 of the Lair of Beasts.
             The game lasted 00:16:45 (8233 turns).

Kairos the Cleaver (Formicid Fighter)               Turns: 8233, Time: 00:16:46

Health: -3/83      AC: 14    Str: 23    XL:     11   Next: 71%
Magic:  0/11       EV: 16    Int:  9    God:    Uskayaw [****..]
Gold:   556        SH: 11    Dex: 13    Spells: 10/10 levels left

rFire    . . .     SeeInvis +   G - +6 battleaxe (freeze)
rCold    . . .     Gourm    .   c - +0 shield
rNeg     . . .     Faith    .   B - +5 ring mail of Mumblety Peg {MR+ Dex+3}
rPois    .         Spirit   +   (helmet unavailable)
rElec    .         Reflect  .   o - scarf {Spirit}
rCorr    .         Harm     .   i - +0 pair of gloves
MR       ++...                  e - +0 pair of boots
Stlth    ++........             (no amulet)
HPRegen  0.23/turn              r - +4 ring of evasion
MPRegen  0.12/turn              (no ring)

@: no status effects
A: permanent stasis, dig shafts and tunnels, four strong arms, antennae 3
a: Dig, Shaft Self, Stomp, Line Pass, Renounce Religion


You were on level 2 of the Lair of Beasts.
You worshipped Uskayaw.
Uskayaw was noncommittal.
You were hungry.

You visited 3 branches of the dungeon, and saw 11 of its levels.
You also visited: Ossuary and Bailey.

You collected 556 gold pieces.

Inventory:

Hand Weapons
 k - a +0 antimagic whip
 s - a +2 war axe of venom
 A - the +7 hunting sling of Weuxips {flame, Dex+3}
   (You found it on level 4 of the Dungeon)

   It causes projectiles fired from it to burn those they strike, causing extra
   injury to most foes and up to half again as much damage against particularly
   susceptible opponents.
   It affects your dexterity (+3).
 G - a +6 battleaxe of freezing (weapon)
 I - the +11 trident of Vakkibo {pain, rF+ MR- Int+4}
   (You found it on level 1 of the Lair of Beasts)

   In the hands of one skilled in necromantic magic, it inflicts extra damage on
   living creatures.
   It affects your intelligence (+4).
   It protects you from fire.
   It affects your resistance to hostile enchantments.
Missiles
 p - 40 tomahawks of returning
 C - 2 throwing nets (quivered)
 D - 45 sling bullets
Armour
 c - a +0 shield (worn)
 e - a +0 pair of boots (worn)
 g - a +2 ring mail of poison resistance
 i - a +0 pair of gloves (worn)
 o - a scarf of spirit shield (worn)
 v - a +3 chain mail of fire resistance
 B - the +5 ring mail of Mumblety Peg (worn) {MR+ Dex+3}
   (You found it on level 5 of the Dungeon)

   It affects your dexterity (+3).
   It affects your resistance to hostile enchantments.
Jewellery
 r - a +4 ring of evasion (left hand)
Wands
 u - a wand of disintegration (4)
 z - a wand of enslavement (7)
Scrolls
 h - 4 scrolls of amnesia
 t - 2 scrolls of remove curse
 y - a scroll of brand weapon
 H - a scroll of fog
Potions
 b - a potion of mutation {unknown}
 d - 4 potions of might
 j - 8 potions of flight
 l - 5 potions of curing
 m - a potion of agility
 n - 4 potions of brilliance
 x - 2 potions of heal wounds
 E - 2 potions of invisibility
 F - a potion of lignification {unknown}
 J - 2 potions of magic
Miscellaneous
 q - a phial of floods
Comestibles
 f - 12 rations


   Skills:
 + Level 6.9 Fighting
 * Level 13.3 Axes
 + Level 2.3 Throwing
 + Level 6.4 Armour
 + Level 3.2 Dodging
 + Level 5.3 Stealth
 + Level 7.3 Shields


You had 10 spell levels left.
You didn't know any spells.
Your spell library contained the following spells:

 Spells                   Type           Power        Failure   Level  Hunger
 Shock                    Conj/Air       #...         65%         1    ##.....
 Swiftness                Chrm/Air       #.......     78%         2    ###....
 Static Discharge         Conj/Air       #.......     95%         3    ####...
 Airstrike                Air            #.........   100%        4    #####..
 Lightning Bolt           Conj/Air       #.........   100%        5    ######.


Dungeon Overview and Level Annotations

Branches:
Dungeon (8/15)             Temple (1/1) D:5            Lair (2/6) D:8
  Swamp: Lair:2-4    Shoals: Lair:2-4     Snake: Lair:2-4    Spider: Lair:2-4

Altars:
Ashenzari
Cheibriados
Dithmenos
Elyvilon
Fedhas
Gozag
Hepliaklqana
Kikubaaqudgha
Makhleb
Nemelex Xobeh
Okawaru
Qazlal
Ru
Sif Muna
Trog
Uskayaw
Vehumet
Wu Jian
Xom
Yredelemnul
Zin
The Shining One

Annotations:
D:4 1 runed translucent door
Lair:1 exclusion: oklob plant


Innate Abilities, Weirdness & Mutations

You cannot be hasted, slowed, berserked, paralysed or teleported.
You can dig through walls and to a lower floor.
Your four strong arms can wield two-handed weapons with a shield.
You have a pair of large antennae on your head. (SInv)


Message History

The eight-headed hydra bites you but does no damage.
The eight-headed hydra misses you. The eight-headed hydra bites you.
The eight-headed hydra closely misses you.
You block the eight-headed hydra's attack.
The eight-headed hydra bites you!
* * * LOW HITPOINT WARNING * * *
You block the eight-headed hydra's attack.
There is a stone staircase leading up, spattered with blood here.
You see here a death yak corpse.
The death yak gores you but does no damage.
The death yak completely misses you.
The eight-headed hydra bites you but does no damage. x2
The eight-headed hydra bites you!
* * * LOW HITPOINT WARNING * * *
The eight-headed hydra bites you but does no damage. x2
The eight-headed hydra barely misses you.
The eight-headed hydra bites you!
* * * LOW HITPOINT WARNING * * *
The eight-headed hydra bites you.
You die...

.....# #.........
....#.##..........
..................
........≈.........
....≈≈≈≈≈≈≈.......
.....≈≈≈≈≈≈≈≈.....
....≈≈≈≈≈≈≈≈≈.....
.#≈≈≈≈..D≈≈≈.#...
F...≈≈≈.@YY≈≈≈...$
....≈≈≈≈.Y≈≈≈.....
....≈≈≈≈≈≈≈≈≈≈....
....≈≈≈≈≈≈≈Y≈.....
....≈.≈≈≈≈≈≈.##...
...#..≈≈.....P# ..
...####.....### .
#....##


You could see 4 death yaks and an eight-headed hydra.

Vanquished Creatures
  Harold (D:7)
  2 death yaks (Lair:2)
  Pikel (D:7)
  2 orc knights (Bailey)
  Prince Ribbit (D:7)
  A hippogriff (Lair:1)
  Grinder (D:6)
  A wraith (Ossuary)
  A yak (D:8)
  A hungry ghost (D:8)
  Menkaure (D:7)
  3 porcupines (D:8)
  A water moccasin (Lair:1)
  2 sky beasts
  An ice beast (D:6)
  7 orc warriors
  2 slaves (D:7)
  2 black bears
  3 phantoms
  3 ogres
  2 crocodiles
  A centaur (D:8)
  11 bullfrogs
  A gnoll sergeant (D:6)
  3 scorpions
  10 wights
  3 howler monkeys (D:8)
  2 crimson imps
  5 hounds
  2 jellies (D:8)
  3 orc priests
  Ijyb (D:3)
  2 iguanas
  6 orc wizards
  6 worker ants
  A killer bee zombie (D:5)
  2 hound zombies
  A hound skeleton (D:4)
  A mummy (Ossuary)
  A worker ant zombie (D:7)
  14 adders
  9 gnolls
  3 shadow imps
  2 oozes (D:1)
  3 adder skeletons (D:4)
  An adder zombie (D:8)
  2 worms
  A dart slug (D:2)
  8 leopard geckos
  19 orcs
  4 giant cockroaches
  9 goblins
  8 hobgoblins
  18 kobolds
  6 quokkas
  A ball python (D:3)
  5 bats
  5 frilled lizards
  3 gnoll skeletons (Ossuary)
  2 jackal zombies (D:8)
  5 kobold skeletons (Ossuary)
  9 orc skeletons (Ossuary)
  7 rats
  4 fungi (D:8)
  A plant (D:8)
250 creatures vanquished.

Vanquished Creatures (others)
  2 worker ants (D:4)
  A gnoll (D:4)
  A worm (D:4)
  2 fungi (D:8)
  A plant (D:8)
7 creatures vanquished.

Grand Total: 257 creatures vanquished

Notes
Turn   | Place    | Note
-------+----------+-------------------------------------------
     0 | D:1      | Kairos the Formicid Fighter began the quest for the Orb.
     0 | D:1      | Reached XP level 1. HP: 18/18 MP: 1/1
   169 | D:1      | Reached XP level 2. HP: 24/24 MP: 2/2
   359 | D:1      | Reached XP level 3. HP: 23/29 MP: 1/3
   422 | D:1      | Found a shattered altar of Ashenzari.
   587 | D:2      | Found a blossoming altar of Fedhas.
   744 | D:2      | Reached skill level 3 in Axes
   744 | D:2      | Reached XP level 4. HP: 26/37 MP: 4/4
  1244 | D:3      | Reached XP level 5. HP: 30/42 MP: 5/5
  1488 | D:3      | Noticed Ijyb
  1510 | D:3      | Killed Ijyb
  1817 | D:3      | Reached skill level 4 in Axes
  1904 | D:3      | Reached XP level 6. HP: 46/48 MP: 6/6
  2228 | D:4      | Noticed an ogre
  2233 | D:4      | Killed an ogre
  2233 | D:4      | Reached skill level 5 in Axes
  2428 | D:4      | Reached XP level 7. HP: 54/54 MP: 7/7
  2462 | D:4      | Found a glowing golden altar of the Shining One.
  2463 | D:4      | Found a runed translucent door.
  2463 | D:4      | Noticed an angel
  2623 | D:4      | Got a smoking hunting sling
  2624 | D:4      | Identified the +7 hunting sling of Weuxips {flame, Dex+3}
                  | (You found it on level 4 of the Dungeon)
  2679 | D:4      | Found a shimmering altar of Xom.
  2689 | D:4      | Reached skill level 1 in Dodging
  2969 | D:5      | Entered Level 5 of the Dungeon
  2987 | D:5      | Found a staircase to the Ecumenical Temple.
  3019 | D:5      | Found a bloodstained altar of Trog.
  3023 | D:5      | Found an ornate altar of the Wu Jian Council.
  3046 | Temple   | Entered the Ecumenical Temple
  3291 | D:5      | Reached skill level 6 in Axes
  3338 | D:5      | Found a glowing golden altar of the Shining One.
  3341 | D:5      | Found a glowing silver altar of Zin.
  3344 | D:5      | Found a hide-covered altar of Uskayaw.
  3352 | D:5      | Found a hazy altar of Hepliaklqana.
  3363 | D:5      | Became a worshipper of Uskayaw the Reveler
  3577 | D:5      | Reached skill level 5 in Shields
  3577 | D:5      | Reached * piety under Uskayaw
  3824 | D:5      | Reached XP level 8. HP: 52/61 MP: 8/8
  3824 | D:5      | Reached ** piety under Uskayaw
  3903 | D:5      | Reached skill level 7 in Axes
  3963 | D:5      | Got a dazzling ring mail
  3974 | D:5      | Identified the +5 ring mail of Mumblety Peg {MR+ Dex+3}
                  | (You found it on level 5 of the Dungeon)
  4111 | D:6      | Reached *** piety under Uskayaw
  4112 | D:6      | Reached **** piety under Uskayaw
  4187 | D:6      | Reached skill level 1 in Stealth
  4274 | D:6      | Reached skill level 8 in Axes
  4324 | D:6      | Noticed Grinder
  4334 | D:6      | Killed Grinder
  4334 | D:6      | Reached XP level 9. HP: 44/67 MP: 9/9
  4347 | D:6      | Reached skill level 5 in Fighting
  4350 | D:6      | Reached skill level 5 in Armour
  4480 | D:6      | Found a white marble altar of Elyvilon.
  4735 | D:7      | Noticed Menkaure
  4743 | D:7      | Killed Menkaure
  4743 | D:7      | Reached skill level 9 in Axes
  4974 | D:7      | Noticed Pikel
  4988 | D:7      | Killed Pikel
  5060 | D:7      | Noticed Prince Ribbit
  5067 | D:7      | Noticed Harold
  5069 | D:7      | Killed Prince Ribbit
  5069 | D:7      | Reached skill level 10 in Axes
  5080 | D:7      | Killed Harold
  5080 | D:7      | Reached XP level 10. HP: 76/76 MP: 10/10
  5190 | D:7      | Reached skill level 11 in Axes
  5673 | D:8      | Reached ***** piety under Uskayaw
  5705 | D:8      | Found a staircase to the Lair.
  5735 | D:8      | Reached skill level 12 in Axes
  5737 | D:8      | Reached ****** piety under Uskayaw
  5746 | D:8      | Found a sand-covered staircase.
  5756 | Ossuary  | Entered an ossuary
  6152 | D:8      | Reached XP level 11. HP: 83/83 MP: 11/11
  6165 | D:8      | Found a flagged portal.
  6173 | Bailey   | Entered a bailey
  6195 | Bailey   | Noticed an orc knight
  6236 | Bailey   | Noticed an orc knight
  6358 | Bailey   | Killed an orc knight
  6382 | Bailey   | Killed an orc knight
  6382 | Bailey   | Reached skill level 1 in Throwing
  7133 | D:8      | Reached skill level 5 in Stealth
  7638 | Lair:1   | Entered Level 1 of the Lair of Beasts
  7685 | Lair:1   | Got a smoking trident
  7686 | Lair:1   | Identified the +11 trident of Vakkibo {pain, rF+ MR- Int+4}
                  | (You found it on level 1 of the Lair of Beasts)
  7709 | Lair:1   | Noticed an oklob plant
  7833 | Lair:1   | Reached skill level 13 in Axes
  8213 | Lair:2   | Noticed a death yak
  8213 | Lair:2   | Noticed a death yak
  8215 | Lair:2   | Noticed a death yak
  8216 | Lair:2   | Noticed a death yak
  8216 | Lair:2   | Noticed a death yak
  8217 | Lair:2   | Noticed a death yak
  8221 | Lair:2   | Noticed a five-headed hydra
  8231 | Lair:2   | Killed a death yak
  8231 | Lair:2   | Killed a death yak
  8233 | Lair:2   | HP: 1/83 [eight-headed hydra (11)]
  8233 | Lair:2   | Slain by an eight-headed hydra

Skill      XL: |  1  2  3  4  5  6  7  8  9 10 11 |
---------------+----------------------------------+-----
Shields        | 4 5 6 7 |  7.3
Axes           | 3 4 5 6 8 10 12 13 | 13.3
Fighting       | 4 5 6 |  6.9
Armour         | 4 5 6 |  6.4
Dodging        | 1 2 3 |  3.2
Stealth        | 1 3 4 5 |  5.3
Throwing       | 2 |  2.3

Action                   |  1- 3 |  4- 6 |  7- 9 | 10-12 || total
-------------------------+-------+-------+-------+-------++-------
Melee: War axe           |    93 |   175 |   177 |    33 ||   478
       Battleaxe         |       |       |       |   201 ||   201
       Trident           |       |       |       |    56 ||    56
Throw: Tomahawk          |       |       |       |    15 ||    15
       Throwing net      |       |       |       |     7 ||     7
 Abil: Dig               |       |       |       |     1 ||     1
  Use: Scroll            |     2 |     1 |     5 |    12 ||    20
       Potion            |     2 |       |       |     1 ||     3
 Stab: Paralysed         |       |       |     6 |    14 ||    20
       Sleeping          |       |       |     1 |     1 ||     2
       Distracted        |       |       |       |     2 ||     2
       Held in net/web   |       |       |       |     1 ||     1
  Eat: Chunk             |       |     5 |     9 |     4 ||    18
       Ration            |       |       |       |     2 ||     2
Armor: Ring mail         |    47 |    50 |    30 |    77 ||   204
       Scale mail        |     4 |       |       |       ||     4
       Chain mail        |       |    30 |    28 |       ||    58
Dodge: Dodged            |    38 |    68 |    75 |   145 ||   326
Block: Shield            |    58 |   101 |   106 |   138 ||   403
